 Dungeon Crawl Stone Soup version 0.28-a0-1506-g3893175d92 (webtiles) character file.

Game seed: 11078996659104337624

1257 voltaire321 the Sneak (level 8, -2/52 (54) HPs)
             Began as an Octopode Earth Elementalist on Jan 14, 2022.
             Was an Initiate of Vehumet.
             Slain by a wight (6 damage)
             ... on level 7 of the Dungeon.
             The game lasted 00:23:13 (9103 turns).

voltaire321 the Sneak (Octopode Earth Elementalist) Turns: 9103, Time: 00:23:14

HP:   -2/52 (54)    AC:  1    Str:  7    XL:     8   Next: 51%
MP:   2/13          EV: 18    Int: 20    God:    Vehumet [......]
Gold: 699           SH:  5    Dex: 12    Spells: 8/14 levels left

rFire   . . .      SeeInvis .   o - +1 dagger (venom)
rCold   . . .      Faith    .   (no shield)
rNeg    . . .      Spirit   .   t - +0 hat
rPois   +          Reflect  +   z - amulet of reflection
rElec   .          Harm     .   u - ring of poison resistance
rCorr   .          Rampage  .   w - +4 ring of evasion
Will    .....                   (no ring)
Stlth   ++++......              (no ring)
HPRegen 0.17/turn               (no ring)
MPRegen 0.13/turn               (no ring)
                                (no ring)
                                (no ring)

@: hasted, lightly drained, very quick
A: almost no armour, amphibious, 8 rings, camouflage 1, gelatinous body 1,
(nimble swimmer 1), tentacles
a: Renounce Religion


You were on level 7 of the Dungeon.
You worshipped Vehumet.
Vehumet was noncommittal.
You visited 2 branches of the dungeon, and saw 8 of its levels.
You also visited: Ossuary.

You collected 699 gold pieces.

Inventory:

Hand Weapons
 o - a +1 dagger of venom (weapon)
 p - a +0 dagger of venom
Missiles
 b - 90 stones
Armour
 t - a +0 hat (worn)
Jewellery
 u - a ring of poison resistance (left tentacle)
 w - a +4 ring of evasion (right tentacle)
 z - an amulet of reflection (around mantle)
Wands
 s - a wand of paralysis (12)
 x - a wand of iceblast (16)
 y - a wand of flame (5)
Scrolls
 a - a scroll of torment {unknown}
 c - 3 scrolls of identify {unknown}
 d - 4 scrolls of enchant armour {unknown}
 f - 2 scrolls of silence {unknown}
 h - 2 scrolls of vulnerability {unknown}
 j - 2 scrolls of magic mapping {unknown}
 k - 2 scrolls of blinking {unknown}
 m - a scroll of teleportation
 n - a scroll of enchant weapon {unknown}
Potions
 e - a potion of mutation
 g - 4 potions of haste
 i - 2 potions of cancellation {unknown}
 l - 4 potions of might {unknown}
 q - a potion of ambrosia {unknown}
 r - 4 potions of curing
 v - a potion of resistance {unknown}


   Skills:
 + Level 3.7 Fighting
 + Level 4.1 Dodging
 + Level 5.9 Stealth
 + Level 3.9 Spellcasting
 + Level 3.2 Conjurations
 + Level 3.8 Transmutations
 + Level 4.7 Earth Magic


You had 8 spell levels left.
You knew the following spells:

 Your Spells              Type           Power      Damage    Failure   Level
a - Sandblast             Erth           44%        2d11      1%          1
b - Passwall              Tmut/Erth      17%        N/A       3%          2
c - Stone Arrow           Conj/Erth      38%        3d9       8%          3

Your spell library contained the following spells:

 Spells                   Type           Power      Damage    Failure   Level
 Sting                    Tmut/Pois      44%        1d5       6%          1
 Shock                    Conj/Air       40%        1d5       7%          1
 Static Discharge         Conj/Air       10%        N/A       10%         2
 Apportation              Tloc           6%         N/A       13%         1
 Poisonous Vapours        Pois/Air       6%         N/A       21%         2
 Petrify                  Tmut/Erth      21%        N/A       22%         4
 Gell's Gravitas          Tloc           3%         N/A       36%         3
 Swiftness                Air            3%         N/A       36%         3
 Teleport Other           Tloc           3%         N/A       36%         3
 Airstrike                Air            1%         N/A       78%         4
 Olgreb's Toxic Radiance  Pois           3%         N/A       78%         4
 Alistair's Intoxication  Tmut/Pois      7%         N/A       85%         5
 Lightning Bolt           Conj/Air       5%         1d17      88%         5
 Dispersal                Tloc           1%         N/A       100%        6
 Maxwell's Capacitive Co  Air            1%         ∞         100%        8


Dungeon Overview and Level Annotations

Branches:
Dungeon (7/15)             Temple (1/1) D:6         Ossuary (visited)

Altars:
Cheibriados
Dithmenos
Elyvilon
Fedhas
Gozag
Hepliaklqana
Kikubaaqudgha
Makhleb
Nemelex Xobeh
Okawaru
Qazlal
Ru
Sif Muna
Uskayaw
Vehumet
Wu Jian
Xom
Yredelemnul
Zin

Annotations:
D:3 Grinder
D:7 Prince Ribbit


Innate Abilities, Weirdness & Mutations

You cannot wear most types of armour.
You are amphibious.
You can wear up to eight rings at the same time.
Your skin changes colour to match your surroundings (Stealth+).
Your rubbery body absorbs attacks. (AC +1, EV +1)
((You are camouflaged when in or above water. (Stealth+)))
You have tentacles for arms and can constrict up to eight enemies at once.


Message History

The wight is almost destroyed.
The centaur hits you but does no damage.
The centaur misses you. The wight completely misses you. The centaur hits you.
The centaur kicks you. The wight closely misses you.
Casting: Stone Arrow (dangerous; 9% risk of failure)
Confirm with . or Enter, or press ? or * to list all spells.
Aiming: Stone Arrow (dangerous; 9% risk of failure)
Press: ? - help, Shift-Dir - straight line, f/p - wight
Aim: a wight, wielding a +1 halberd and wearing a +0 robe (almost destroyed, 68% to hit)
The stone arrow hits the wight!
You destroy the wight!
Vehumet accepts your kill. The centaur barely misses you.
The centaur misses you. The wight completely misses you.
Casting: Stone Arrow (dangerous; 8% risk of failure)
Confirm with . or Enter, or press ? or * to list all spells.
Aiming: Stone Arrow (dangerous; 8% risk of failure)
Press: ? - help, Shift-Dir - straight line, f - centaur
Aim: a centaur, quivering arrows (heavily wounded, 81% to hit)
The stone arrow hits the centaur!
You kill the centaur!
Vehumet accepts your kill. The wight closely misses you.
Casting: Stone Arrow (dangerous; 8% risk of failure)
Confirm with . or Enter, or press ? or * to list all spells.
You don't have enough magic to cast this spell.
You feel yourself speed up. The wight hits you with a +0 scimitar!
* * * LOW HITPOINT WARNING * * *
The wight hits you with a +0 dagger!
* * * LOW HITPOINT WARNING * * *
You feel drained.
* * * LOW HITPOINT WARNING * * *
You barely miss the wight. You grab the wight.
You constrict the wight, but do no damage.
You release your grip on the wight.
You block the wight's attack. The wight misses you.
Things that are here:
a +1 halberd; a +0 robe The wight closely misses you.
The wight hits you with a +0 dagger.
You die...

## .... ..# .. ...
...##.. (..##
....c. ......
####...###..#..#
###.#........... #
##.#.............
#
##z)z............#
#
#..@..............
#
###.........z.....
#
##................
##.##..........z.
#####...##......
##.... $....
....... .
.........
...J....#.


You could see 2 wights.

Vanquished Creatures
  A yak (D:6)
  A sky beast (D:6)
  An ogre (D:5)
  A centaur (D:7)
  A phantom (D:4)
  A scorpion (D:4)
  A water moccasin skeleton (D:6)
  A wight (D:7)
  A bullfrog zombie (D:6)
  3 hounds (D:6)
  3 human zombies (Ossuary)
  A bullfrog skeleton (D:5)
  4 iguanas
  5 mummies (Ossuary)
  4 gnolls (D:2)
  6 adders
  2 shadow imps
  2 ufetubi
  An adder skeleton (D:4)
  5 dart slugs
  4 orcs
  3 endoplasms
  6 giant cockroaches
  8 goblins
  9 hobgoblins
  3 jackals (D:1)
  8 kobolds
  4 quokkas (D:2)
  10 ball pythons
  7 bats
  3 frilled lizards (D:1)
  A goblin zombie (Ossuary)
  A hobgoblin zombie (Ossuary)
  A kobold zombie (Ossuary)
  2 orc zombies (Ossuary)
  11 rats
126 creatures vanquished.

Vanquished Creatures (others)
  29 plants (D:2)
29 creatures vanquished.

Grand Total: 155 creatures vanquished

Notes
Turn   | Place    | Note
-------+----------+-------------------------------------------
     0 | D:1      | voltaire321 the Octopode Earth Elementalist began the quest
                  | for the Orb.
     0 | D:1      | Reached XP level 1. HP: 11/11 MP: 3/3
   283 | D:1      | Reached XP level 2. HP: 17/17 MP: 5/5
   341 | D:1      | Reached skill level 3 in Stealth
  1176 | D:1      | Reached XP level 3. HP: 22/22 MP: 6/6
  1281 | D:1      | Found a faded altar of an unknown god.
  1426 | D:1      | Reached skill level 1 in Fighting
  1796 | D:1      | Learned a level 2 spell: Passwall
  1800 | D:1      | Learned a level 3 spell: Stone Arrow
  1892 | D:2      | You fall into a shaft and drop 2 floors!
  1892 | D:4      | Found a sacrificial altar of Ru.
  1892 | D:4      | Found a burning altar of Makhleb.
  2223 | D:4      | Found a sand-covered staircase.
  2229 | Ossuary  | Entered an ossuary
  2315 | Ossuary  | Reached XP level 4. HP: 8/28 MP: 5/7
  2688 | Ossuary  | Reached skill level 1 in Conjurations
  2688 | Ossuary  | Reached XP level 5. HP: 22/33 MP: 1/8
  3051 | Ossuary  | Reached skill level 4 in Stealth
  3499 | D:2      | Reached XP level 6. HP: 39/39 MP: 7/10
  3596 | D:2      | Found an ancient bone altar of Kikubaaqudgha.
  4468 | D:2      | Found a sacrificial altar of Ru.
  4614 | D:3      | Noticed Grinder
  4615 | D:3      | Paralysed by Grinder for 7 turns
  4621 | D:3      | HP: 1/39 [giant cockroach (2)]
  5346 | D:3      | Found a shimmering blue altar of Sif Muna.
  5541 | D:4      | Found an ornate altar of the Wu Jian Council.
  6210 | D:4      | Reached XP level 7. HP: 31/45 MP: 2/11
  6862 | D:5      | Entered Level 5 of the Dungeon
  7512 | D:6      | Reached skill level 5 in Stealth
  7851 | D:6      | Noticed a vampire
  8022 | D:6      | Found a staircase to the Ecumenical Temple.
  8051 | Temple   | Entered the Ecumenical Temple
  8363 | D:6      | Found a radiant altar of Vehumet.
  8371 | D:6      | Became a worshipper of Vehumet
  8474 | D:6      | Reached XP level 8. HP: 52/52 MP: 10/13
  8696 | D:7      | Noticed a yak
  8696 | D:7      | Noticed a yak
  8696 | D:7      | Noticed a yak
  8714 | D:6      | Killed a yak
  8963 | D:7      | Noticed Prince Ribbit
  9103 | D:7      | Slain by a wight

Illustrated notes

Levels and vault maps discovered:
D:1:      dpeg_arrival_tiny_i, layout_basic, serial_rivers,
          chequers_serial_rivers_micro_e, chequers_serial_rivers_micro_c,
          chequers_serial_rivers_large_b, chequers_serial_rivers_small_b,
          chequers_serial_rivers_micro_b,
          shapermc_ecumenical_altar_mp_urbaneastern, minmay_statues_item,
          minmay_misc_feat_columns, minmay_ruptured
D:2:      wad_woods_stonehenge, layout_rooms, basic_altar
D:3:      layout_loops_ring, mainiacjoe_overflow_alcove_4,
          serial_bayou_lagoon_a, uniq_grinder
D:4:      minmay_polygon_palace, layout_basic, grunt_temple_overflow_open,
          nicolae_ossuary_entry_plus
D:5:      layout_loops_ring
D:6:      layout_rooms, nicolae_vehumet_altar_sigil,
          minmay_temple_entry_junction, minmay_hedge_maze, chequers_garden,
          st_stairs_12
D:7:      layout_cave_pools, nicolae_tso_besieged_by_evil,
          gammafunk_ghost_cemetery, uniq_prince_ribbit1
Temple:   dpeg_chambers_temple

Skill      XL: |  1  2  3  4  5  6  7  8 |
---------------+-------------------------+-----
Stealth        | 3 4 5 |  5.9
Fighting       | 1 2 3 |  3.7
Conjurations   | 1 2 3 |  3.2
Transmutations | 2 3 |  3.8
Spellcasting   | 3 |  3.9
Dodging        | 3 4 |  4.1
Earth Magic    | 4 |  4.7

Action                   |  1- 3 |  4- 6 |  7- 9 || total
-------------------------+-------+-------+-------++-------
Melee: Dagger            |    89 |   103 |    56 ||   248
       Constrict         |    22 |    21 |    18 ||    61
       Tentacles         |    17 |    21 |    20 ||    58
       Punch             |       |     1 |     2 ||     3
 Cast: Sandblast         |     7 |    62 |    36 ||   105
       Stone Arrow       |       |       |     3 ||     3
  Use: Potion            |     3 |     2 |     1 ||     6
       Scroll            |     2 |     3 |     1 ||     6
 Stab: Sleeping          |    12 |    15 |     3 ||    30
       Distracted        |       |     4 |       ||     4
Armor: Skin              |    14 |     9 |     2 ||    25
Dodge: Dodged            |    58 |    62 |    84 ||   204
Block: Other             |       |       |     5 ||     5

Table legend: (Time is in decaauts)
 A = Elapsed time spent in this place.
 B = Non-inter-level travel time spent in this place.
 C = Inter-level travel time spent in this place.
 D = Time resting spent in this place.
 E = Time spent auto-exploring this place.
 F = Levels seen in this place.
 G = Mean time per level.
                   A        B        C        D        E       F      G
               +--------+--------+--------+--------+--------+-----+--------+
         Total |   9085 |   8493 |    592 |   3449 |   3042 |   9 | 1009.4 |
       Dungeon |   7825 |   7233 |    592 |   2740 |   2771 |   7 | 1117.9 |
        Temple |    277 |    277 |      0 |     50 |    191 |   1 |  277.0 |
       Ossuary |    981 |    981 |      0 |    659 |     80 |   1 |  981.0 |
               +--------+--------+--------+--------+--------+-----+--------+

Top non-repeatable levels by time:
     D:1: 1884 daAuts
     D:4: 1820 daAuts
     D:3: 1140 daAuts
     D:6: 1078 daAuts
     D:2: 1014 daAuts
 Ossuary: 981 daAuts
     D:5: 841 daAuts
  Temple: 277 daAuts
     D:7: 45 daAuts
